 Dungeon Crawl Stone Soup version 0.22.1-1-ga44c0e5 (webtiles) character file.

310 Lauz the Gusty (level 6, -2/32 HPs)
             Began as a Tengu Air Elementalist on Oct 30, 2018.
             Killed by nerve-wracking pain
             ... invoked by Menkaure
              (8 damage)
             ... on level 4 of the Dungeon.
             The game lasted 00:17:41 (4422 turns).

Lauz the Gusty (Tengu Air Elementalist)             Turns: 4422, Time: 00:17:41

Health: -2/32      AC:  3    Str:  8    XL:     6   Next: 41%
Magic:  6/12       EV: 12    Int: 17    God:
Gold:   40         SH:  0    Dex: 15    Spells: 9/12 levels left

rFire    . . .     SeeInvis .   f - +2 dagger (venom)
rCold    . . .     Gourm    .   (no shield)
rNeg     . . .     Faith    .   a - +0 robe
rPois    .         Spirit   .   (helmet restricted)
rElec    .         Reflect  .   (no cloak)
rCorr    .         Harm     .   j - +0 pair of gloves
MR       .....                  (boots unavailable)
Stlth    ++........             (no amulet)
HPRegen  0.10/turn              (no ring)
MPRegen  0.13/turn              (no ring)

@: very slightly contaminated, drained
A: beak, talons 3, able to fly 1
a: Fly


You were on level 4 of the Dungeon.
You were hungry.

You visited 1 branch of the dungeon, and saw 4 of its levels.

You collected 40 gold pieces.

Inventory:

Hand Weapons
 f - a +2 dagger of venom (weapon)
Armour
 a - a +0 robe (worn)
 j - a +0 pair of gloves (worn)
 p - the +1 robe "Inwets" {*Drain rC+++ Str+2 Int-5}
   (You found it on level 4 of the Dungeon)

   It affects your strength (+2).
   It affects your intelligence (-5).
   It renders you almost immune to cold.
   It causes draining when unequipped.
Jewellery
 n - an uncursed amulet of the gourmand {unknown}
Wands
 g - a wand of flame (21)
 q - a wand of paralysis (13)
Scrolls
 e - a scroll of fear {unknown}
 h - a scroll of enchant weapon {unknown}
 i - a scroll of remove curse
 k - a scroll of magic mapping
 l - a scroll of amnesia {unknown}
 m - a scroll of identify {unknown}
 o - a scroll of random uselessness {unknown}
 r - a scroll of immolation {unknown}
Potions
 b - a potion of heal wounds
 d - a potion of mutation {unknown}
 s - a potion of might {unknown}
Comestibles
 c - 7 rations


   Skills:
 - Level 2.1(1.2) Dodging
 - Level 2.0(1.0) Stealth
 - Level 0.4(0.0) Unarmed Combat
 + Level 3.9(2.8) Spellcasting
 + Level 4.0(3.0) Conjurations
 + Level 6.5(5.4) Air Magic


You had 9 spell levels left.
You knew the following spells:

 Your Spells              Type           Power        Failure   Level  Hunger
a - Shock                 Conj/Air       ###.         3%          1    #......
b - Swiftness             Chrm/Air       ##......     9%          2    ##.....

Your spell library contained the following spells:

 Spells                   Type           Power        Failure   Level  Hunger
 Static Discharge         Conj/Air       ###.....     10%         3    ###....
 Airstrike                Air            ###.......   19%         4    #####..
 Lightning Bolt           Conj/Air       ###.......   65%         5    ######.


Dungeon Overview and Level Annotations

Branches:
Dungeon (4/15)
 Temple: D:4-7

Altars:
Okawaru
Wu Jian

Annotations:
D:4 Menkaure


Innate Abilities, Weirdness & Mutations

You have a beak for a mouth.
You have claws for feet.
You can fly.


Message History

The zap hits Menkaure.
Menkaure is moderately damaged.
Casting: Shock (safe; 3% risk of failure)
Confirm with . or Enter, or press ? or * to list all spells.
Aiming: Shock (safe; 3% risk of failure)
Press: ? - help, Shift-Dir - straight line, f/p - Menkaure
Aim: Menkaure (moderately damaged)
The zap hits Menkaure.
Menkaure is moderately damaged.
Menkaure gestures at you while chanting.
Pain shoots through your body!
* * * LOW HITPOINT WARNING * * *
Menkaure calls on the powers of darkness!
Your body is wracked with pain!
* * * LOW HITPOINT WARNING * * *
Menkaure casts a spell.
Menkaure seems to speed up.
Menkaure casts a spell at you. Pain shoots through your body!
You die...

******,,,**** *,** #.#
**,,,,,,,,* ##># #.###
,,,****,*,*** #..# ##[..##
,*** **,*,,,* #..###.....##
,* *,,**#,* #..##.......# ,*
**,** #.** #..##.......# ,*
*,,* #..###..*#.......# ,*
*,*** *#...>.###......##
*****,,,****,,#.@##........#
,,**,,,,,,,,,,#............#
*,,,,,,,,,,,,,#....[.M.....#
,**,,,,*,,,.......###.....##
,,,,,,,#......#.).####...##
,,,,,,,.......#.......#.##
,,,,***..........####...#
,**,***..........# ##..##
,**,**,,,........#####...##


You could see Menkaure.

Vanquished Creatures
  A bullfrog skeleton (D:4)
  An orc priest (D:4)
  Ijyb (D:4)
  3 worker ants
  6 adders
  An ooze (D:2)
  5 worms
  A dart slug (D:1)
  3 leopard geckos
  6 orcs
  3 bats
  A giant cockroach (D:2)
  9 goblins
  5 hobgoblins
  10 jackals
  9 kobolds
  3 frilled lizards
  6 rats
74 creatures vanquished.

Notes
Turn   | Place    | Note
-------+----------+-------------------------------------------
     0 | D:1      | Lauz the Tengu Air Elementalist began the quest for the
                  | Orb.
     0 | D:1      | Reached XP level 1. HP: 10/10 MP: 4/4
   412 | D:1      | Reached XP level 2. HP: 15/15 MP: 3/6
  1299 | D:2      | Reached XP level 3. HP: 19/19 MP: 3/7
  1352 | D:2      | Reached skill level 5 in Air Magic
  1842 | D:2      | Reached XP level 4. HP: 24/24 MP: 1/9
  2860 | D:3      | Gained mutation: You can fly. [Tengu growth]
  2860 | D:3      | Reached XP level 5. HP: 28/28 MP: 7/10
  2937 | D:3      | Found an iron altar of Okawaru.
  3004 | D:3      | Learned a level 2 spell: Swiftness
  3464 | D:4      | Got a fine robe
  3474 | D:4      | Reached skill level 6 in Air Magic
  3534 | D:4      | Identified the cursed +1 robe "Inwets" {*Drain rC+++ Str+2
                  | Int-5} (You found it on level 4 of the Dungeon)
  3555 | D:4      | Noticed Menkaure
  3589 | D:4      | Reached XP level 6. HP: 16/32 MP: 8/12
  3725 | D:4      | Found an ornate altar of the Wu Jian Council.
  3925 | D:4      | Noticed Ijyb
  3951 | D:4      | Killed Ijyb
  4241 | D:4      | Noticed a phantom
  4422 | D:4      | Killed from afar by Menkaure

Skill      XL: |  1  2  3  4  5  6 |
---------------+-------------------+-----
Air Magic      | 5 6 |  6.5
Conjurations   | 2 3 4 |  4.0
Spellcasting   | 3 |  3.9
Dodging        | |  2.1
Stealth        | |  2.0
Unarmed Combat | |  0.4

Action                   |  1- 3 |  4- 6 || total
-------------------------+-------+-------++-------
Melee: Unarmed           |     2 |       ||     2
       Dagger            |     9 |    14 ||    23
       Kick              |     2 |     4 ||     6
       Peck              |     1 |     4 ||     5
 Cast: Shock             |    76 |   128 ||   204
       Swiftness         |       |     1 ||     1
  Use: Potion            |     1 |     2 ||     3
       Scroll            |       |     2 ||     2
  Eat: Chunk             |     4 |     4 ||     8
       Ration            |       |     1 ||     1
Armor: Robe              |     3 |     6 ||     9
Dodge: Dodged            |    21 |    33 ||    54
